 Dungeon Crawl Stone Soup version 0.17.0-1-g61d176b (webtiles) character file.

162480 Medar the Eclecticist (level 17, -7/92 HPs)
             Began as a Deep Elf Venom Mage on Nov 7, 2015.
             Was the Champion of Vehumet.
             Mangled by a harpy (12 damage)
             ... on level 3 of the Shoals.
             The game lasted 03:09:11 (49169 turns).

Medar the Eclecticist (Deep Elf Venom Mage)        Turns: 49169, Time: 03:09:11

Health: -7/92      AC: 16    Str: 12    XL:     17   Next: 22%
Magic:  15/42      EV:  8    Int: 26    God:    Vehumet [******]
Gold:   1143       SH:  0    Dex: 15    Spells: 10 memorised, 2 levels left

rFire  + + .     SeeInvis .     a - +2 dagger (elec)
rCold  + . .     Clarity  .     z - +3 leather armour {rF+}
rNeg   + . .     SustAt   +     S - +2 buckler {AC+3}
rPois  +         Gourm    .     h - +2 hat
rElec  .         Spirit   .     x - +0 cloak {rC+}
rCorr  .         Warding  +     n - +1 pair of gloves
rMut   .         Stasis   .     t - +0 pair of boots
MR     +....                    U - amulet of warding
Stlth  +++++.....               q - ring of stealth
                                g - ring "Kios" {SustAt rPois rF+}

@: mighty, engulfed (cannot breathe), mesmerised, very slightly contaminated,
held, hasted, deflect missiles, very quick, somewhat resistant to hostile
enchantments, quite stealthy
A: beak, hooves 1, rugged brown scales 1, poison resistance
a: Renounce Religion


You were on level 3 of the Shoals.
You worshipped Vehumet.
Vehumet was exalted by your worship.
You were not hungry.

You visited 6 branches of the dungeon, and saw 33 of its levels.
You also visited: Ice Cave and Volcano.

You collected 4132 gold pieces.
You spent 2989 gold pieces at shops.

Inventory:

Hand Weapons
 a - a +2 dagger of electrocution (weapon)
 V - a +2 eveningstar of flaming
Missiles
 B - 2 throwing nets {=f =F}
Armour
 h - a +2 hat (worn)
 n - a +1 pair of gloves (worn)
 t - a +0 pair of boots (worn)
 x - a +0 cloak of cold resistance (worn)
 z - a +3 leather armour of fire resistance (worn)
 N - a +1 robe of magic resistance
 S - a +2 buckler of protection (worn)
Magical Staves
 H - an uncursed staff of air
Jewellery
 g - the ring "Kios" (left hand) {SustAt rPois rF+}
   (You bought it in a shop on level 3 of the Orcish Mines)

   [ring of sustain attributes]

   It sustains your strength, intelligence and dexterity.
   It protects you from fire.
   It protects you from poison.
 l - an uncursed ring of protection from cold
 q - a ring of stealth (right hand)
 U - an amulet of warding (around neck)
Wands
 b - a wand of teleportation (5)
 y - a wand of cold (3)
 F - a wand of disintegration (11)
 L - a wand of digging (11)
Scrolls
 f - a scroll of fear
 i - 2 scrolls of immolation
 j - 2 scrolls of recharging
 k - 7 scrolls of identify {@r2}
 p - 3 scrolls of magic mapping {@r3}
 r - a scroll of torment {unknown}
 u - 2 scrolls of blinking
 v - 9 scrolls of teleportation
 D - a scroll of holy word
 E - 6 scrolls of fog
 G - 2 scrolls of silence {!r}
 P - a scroll of enchant weapon
 W - a scroll of summoning
 X - 9 scrolls of remove curse {@r1}
Potions
 c - 3 potions of ambrosia
 e - 2 potions of heal wounds
 m - 5 potions of curing {@q1}
 s - 5 potions of might
 w - 3 potions of berserk rage {!q}
 A - 5 potions of flight
 C - 5 potions of lignification
 I - 2 potions of invisibility
 J - 2 potions of agility
 K - a potion of brilliance
 M - 2 potions of cancellation
 R - 6 potions of magic
 T - 4 potions of resistance
Comestibles
 d - 9 meat rations {@e2}
 O - 13 bread rations {@e1}
 Y - 35 fruits {@e3}


   Skills:
 - Level 4.4 Fighting
 - Level 3.0 Short Blades
 - Level 2.8 Armour
 - Level 8.0 Dodging
 - Level 8.3 Stealth
 - Level 5.2 Shields
 - Level 19.0 Spellcasting
 + Level 18.9 Conjurations
 - Level 11.0 Charms
 - Level 4.5 Translocations
 - Level 2.5 Transmutations
 + Level 10.6 Ice Magic
 - Level 8.4 Air Magic
 - Level 7.0 Poison Magic


You had 2 spell levels left.
You knew the following spells:

 Your Spells              Type           Power        Failure   Level  Hunger
b - Orb of Destruction    Conj           #######...   1%          7    #####..
c - Venom Bolt            Conj/Pois      #######...   1%          5    None
e - Haste                 Chrm           ######..     4%          6    ##.....
m - Poisonous Cloud       Conj/Pois/Air  ######....   1%          6    ##.....
n - Irradiate             Conj/Trmt      ######....   1%          5    None
p - Cure Poison           Pois           ######....   1%          2    None
r - Deflect Missiles      Chrm/Air       ######....   8%          6    ##.....
w - Blink                 Tloc           N/A          1%          2    None
x - Iskenderun's Mystic   Conj           #######.     0%          4    None
M - Glaciate              Conj/Ice       #######...   90%         9    #######


Dungeon Overview and Level Annotations

Branches:
Dungeon (15/15)            Temple (1/1) D:7            Lair (8/8) D:9
 Shoals (3/4) Lair:6       Spider (2/4) Lair:3        Slime (0/6) Lair:8
    Orc (4/4) D:9             Elf (0/3) Orc:4        Vaults (0/5) D:14
 Depths (0/5) D:15

Altars:
Ashenzari
Cheibriados
Dithmenos
Elyvilon
Fedhas
Gozag
Kikubaaqudgha
Makhleb
Nemelex Xobeh
Okawaru
Qazlal
Ru
Sif Muna
Trog
Vehumet
Xom
Yredelemnul
Zin
The Shining One
Beogh
Jiyva

Shops:
D:5 [   D:8 *   D:9 *   Orc:1 }   Orc:3 =   Orc:4 ?([}

Portals:
Trove: D:12 (give 20 scrolls of identify)

Annotations:
D:2 exclusion: oklob plant
Lair:4 1 exclusion, Sonja
Spider:2 Aizul


Innate Abilities, Weirdness & Mutations

You have a beak for a mouth.
You have large cloven feet.
You are partially covered in rugged brown scales (AC +1, +3% HP).
Your system is resistant to poisons.


Message History

Drink which item? (? for menu, Esc to quit)
You feel much better.
Your lungs strain for air!
The harpy claws you! The harpy claws you but does no damage.
The harpy barely misses you. The harpy claws you. The harpy claws you!
The harpy claws you but does no damage. The water elemental hits you.
You try to slip out of the net.
* * * LOW HITPOINT WARNING * * *
Your lungs strain for air!
The harpy claws you but does no damage. The harpy claws you.
* * * LOW HITPOINT WARNING * * *
The merfolk is engulfed in poison gas.
The merfolk hits you from afar with a trident!
* * * LOW HITPOINT WARNING * * *
The siren is engulfed in poison gas.
The siren looks even sicker.
The siren chants its luring song.
The harpy claws you.
* * * LOW HITPOINT WARNING * * *
The harpy claws you!
You die...

m§§≈≈≈≈≈≈≈≈≈
##§§)≈≈≈≈≈≈≈≈
.##§§§§≈≈≈≈≈≈≈≈
...§§§§§≈≈≈≈≈≈≈
≈..§§§§m≈≈≈≈≈≈≈
≈≈≈≈.Hm§≈≈≈≈≈≈≈
..≈≈≈≈≈EH(≈≈≈≈≈
..≈≈≈≈†@H≈≈≈≈≈≈
..≈≈≈).≈≈≈≈≈≈≈≈
≈.≈≈≈≈≈≈≈≈≈≈≈≈≈
≈≈≈≈≈≈≈≈≈≈≈≈≈≈≈
≈≈≈≈≈≈≈≈≈≈≈≈≈≈≈
≈≈≈≈≈≈≈≈≈≈≈≈≈≈≈
≈≈≈≈≈≈≈≈≈≈≈≈≈≈≈
≈≈≈≈≈≈≈≈≈≈≈≈≈≈≈


You could see 2 merfolk, a water elemental, a siren and 3 harpies.

Vanquished Creatures
  A fire giant (D:15)
  Donald (Shoals:2)
  A frost giant (IceCv)
  2 emperor scorpions (Spider:1)
  4 merfolk impalers
  2 ogre magi (Orc:4)
  An ice dragon (Lair:6)
  2 entropy weavers
  A yaktaur captain (D:14)
  9 hydras
  2 merfolk avatars
  2 merfolk aquamancers
  3 catoblepae
  3 centaur warriors
  2 satyrs
  11 death yaks
  2 tengu warriors (D:14)
  Nergalle (Orc:4)
  8 skeletal warriors
  4 sea snakes
  A death drake (shapeshifter) (D:14)
  4 unseen horrors
  3 hill giants
  13 harpies
  Pikel (D:8)
  8 griffons
  A wizard (D:15)
  A lindwurm (Volcano)
  8 ugly things
  4 manticores
  7 cyclopes
  An orc knight (D:15)
  A water nymph (Shoals:1)
  3 hornets
  10 wolf spiders
  3 fauns (Shoals:1)
  9 orc sorcerers
  6 orb spiders (Spider:1)
  16 elephants
  6 black mambas
  5 sirens
  An ice statue (IceCv)
  2 gargoyles (D:12)
  A torpor snail (Lair:6)
  13 spiny frogs
  6 komodo dragons
  2 yaktaurs (D:14)
  A freezing wraith (D:14)
  3 efreet (D:15)
  3 demonic crawlers (Spider:1)
  6 jumping spiders (Spider:1)
  A queen bee (D:9)
  6 fire drakes
  8 trolls
  2 wind drakes
  2 two-headed ogres
  2 spriggan druids (Lair:8)
  13 merfolk
  21 polar bears
  2 snapping turtles
  21 blink frogs
  3 boulder beetles
  2 slime creatures (Lair:7)
  30 redbacks
  4 trapdoor spiders
  A vampire (D:15)
  15 spriggans (Lair:8)
  2 wyverns
  66 yaks
  5 water elementals
  2 fire bats (Volcano)
  A shadow (D:13)
  14 tarantellas (Spider:1)
  Eustachio (D:4)
  5 deep elf magi
  3 hungry ghosts
  3 wraiths
  3 mottled dragons
  2 swamp worms (Lair:7)
  12 hippogriffs
  28 wolves
  6 vampire mosquitoes
  2 wargs
  A soldier ant (D:13)
  20 water moccasins
  24 orc warriors
  A hell hound (Volcano)
  2 swamp drakes (Lair:7)
  3 slaves (D:8)
  5 sky beasts
  A black bear (shapeshifter) (D:15)
  An eye of draining (D:12)
  3 ice beasts
  12 centaurs
  19 porcupines
  3 wasps
  12 spiders (Spider:1)
  4 black bears (Lair:8)
  2 necrophages
  11 ogres
  A phantom (D:12)
  A big kobold (D:12)
  A brain worm (Lair:8)
  A gnoll sergeant (D:7)
  15 crocodiles
  21 giant frogs
  A wyvern skeleton (D:14)
  9 scorpions
  29 killer bees
  4 crimson imps
  A centaur zombie (D:8)
  A quasit (D:12)
  A giant frog zombie (D:7)
  5 giant frog skeletons
  14 orc priests
  4 hounds
  7 centaur skeletons
  2 jellies
  Jessica (D:2)
  4 iguanas
  A gnoll shaman (D:6)
  45 orc wizards
  9 worker ants
  18 sheep
  2 killer bee zombies (D:8)
  24 gnolls
  2 worker ant zombies
  12 adders
  44 river rats
  A shadow imp (D:8)
  An ooze (D:2)
  3 adder skeletons
  5 worms
  160 orcs
  2 ball pythons
  6 bats
  6 giant cockroaches
  11 goblins
  8 hobgoblins
  5 quokkas
  A ball python skeleton (D:4)
  5 giant geckos
  A giant gecko zombie (D:7)
  5 giant newts
  4 jackals
  8 kobolds
  5 rats
  A fungus (Lair:8)
  5 plants
1146 creatures vanquished.

Vanquished Creatures (others)
  A slave (D:8)
  A centaur (D:11)
  An adder (D:9)
  22 fungi
  14 plants
39 creatures vanquished.

Grand Total: 1185 creatures vanquished

Notes
Turn   | Place    | Note
--------------------------------------------------------------
     0 | D:1      | Medar the Deep Elf Venom Mage began the quest for the Orb.
     0 | D:1      | Reached XP level 1. HP: 10/10 MP: 6/6
   106 | D:1      | Reached skill level 1 in Conjurations
   220 | D:1      | Reached XP level 2. HP: 13/15 MP: 1/8
   301 | D:1      | Learned a level 2 spell: Cure Poison
  1130 | D:2      | Reached XP level 3. HP: 19/19 MP: 2/9
  1263 | D:2      | Noticed Jessica
  1277 | D:2      | Learned a level 3 spell: Mephitic Cloud
  1290 | D:2      | Killed Jessica
  1290 | D:2      | Reached skill level 1 in Air Magic
  1648 | D:2      | Found a blossoming altar of Fedhas.
  1667 | D:2      | Noticed an oklob plant
  1702 | D:2      | Reached XP level 4. HP: 24/24 MP: 7/10
  2410 | D:3      | Found a shadowy altar of Dithmenos.
  2975 | D:4      | Reached XP level 5. HP: 28/28 MP: 4/11
  3025 | D:4      | Found an opulent altar of Gozag.
  3042 | D:4      | Noticed Eustachio
  3054 | D:4      | Killed Eustachio
  3054 | D:4      | Reached skill level 5 in Conjurations
  3054 | D:4      | Reached skill level 5 in Poison Magic
  3054 | D:4      | Reached XP level 6. HP: 32/32 MP: 0/12
  3187 | D:4      | Noticed a centaur
  3197 | D:4      | Killed a centaur
  3378 | D:4      | Noticed an ogre
  3420 | D:4      | Killed an ogre
  3420 | D:4      | Reached skill level 6 in Conjurations
  3427 | D:4      | Learned a level 5 spell: Venom Bolt
  3699 | D:5      | Entered Level 5 of the Dungeon
  4015 | D:5      | Reached XP level 7. HP: 31/36 MP: 7/13
  4281 | D:5      | Found Ushewog's Antique Armour Emporium.
  4288 | D:5      | Bought a twisted robe for 136 gold pieces
  4298 | D:5      | Identified the +1 robe of the Armoured One {*Corrode rPois Regen+ Stlth+} (You bought it in a shop on level 5 of the Dungeon)
  5453 | D:6      | Reached skill level 7 in Conjurations
  5453 | D:6      | Reached XP level 8. HP: 37/41 MP: 4/17
  5466 | D:6      | Reached skill level 5 in Stealth
  5598 | D:6      | Reached skill level 5 in Spellcasting
  6470 | D:7      | Found a staircase to the Ecumenical Temple.
  6477 | Temple   | Entered the Ecumenical Temple
  6675 | Temple   | Became a worshipper of Vehumet
  6710 | D:7      | Reached skill level 8 in Conjurations
  6930 | D:7      | Reached skill level 1 in Fighting
  6951 | D:7      | Reached XP level 9. HP: 47/47 MP: 1/22
  7448 | D:7      | Reached * piety under Vehumet
  7448 | D:7      | Offered knowledge of Flame Tongue by Vehumet.
  7544 | D:7      | Learned a level 1 spell: Flame Tongue
  8132 | D:7      | Found a snail-covered altar of Cheibriados.
  8190 | D:7      | Reached skill level 9 in Conjurations
  8397 | D:8      | Noticed Pikel
  8960 | D:8      | Killed Pikel
  8960 | D:8      | Reached skill level 5 in Dodging
  8971 | D:8      | Offered knowledge of Freeze by Vehumet.
  9106 | D:8      | Reached ** piety under Vehumet
  9182 | D:8      | Found Yddoceq's Assorted Antiques.
  9194 | D:8      | Reached skill level 1 in Short Blades
  9199 | D:8      | Bought a bone ring for 165 gold pieces
  9418 | D:8      | Found a deep blue altar of Sif Muna.
 10002 | D:9      | Reached XP level 10. HP: 56/56 MP: 9/25
 10133 | D:9      | Offered knowledge of Stone Arrow by Vehumet.
 10150 | D:9      | Learned a level 3 spell: Stone Arrow
 10298 | D:9      | Reached *** piety under Vehumet
 10335 | D:9      | Found a glowing golden altar of the Shining One.
 10509 | D:9      | Reached skill level 10 in Conjurations
 10597 | D:9      | Found a staircase to the Lair.
 10634 | D:9      | Found a staircase to the Orcish Mines.
 10751 | D:9      | Got a fine shield
 10757 | D:9      | Identified the cursed +0 shield of the Crown {MP+9 Slay+3} (You found it on level 9 of the Dungeon)
 10777 | D:9      | Found a sacrificial altar of Ru.
 10801 | D:9      | Found Eipiuck's Eclectic Emporium.
 10809 | D:9      | Bought a scroll of enchant weapon for 90 gold pieces
 10898 | D:9      | Found a shimmering altar of Xom.
 10967 | D:9      | Offered knowledge of Airstrike by Vehumet.
 10969 | D:9      | Reached skill level 1 in Shields
 11073 | D:9      | Upgraded the game from 0.17.0 to 0.17.0-1-g61d176b
 11074 | Lair:1   | Entered Level 1 of the Lair of Beasts
 11100 | Lair:1   | Learned a level 2 spell: Blink
 11299 | Lair:1   | Reached skill level 1 in Translocations
 11685 | D:10     | Entered Level 10 of the Dungeon
 12016 | D:10     | Identified the Almanac of Destructive Enchantment
 12332 | D:10     | Reached **** piety under Vehumet
 12458 | D:10     | Offered knowledge of Irradiate by Vehumet.
 12465 | D:10     | Learned a level 5 spell: Irradiate
 12553 | D:10     | Reached XP level 11. HP: 60/60 MP: 22/26
 13247 | Lair:1   | Reached skill level 5 in Shields
 13365 | Lair:1   | Reached ***** piety under Vehumet
 13365 | Lair:1   | Offered knowledge of Poisonous Cloud by Vehumet.
 13374 | Lair:1   | Learned a level 6 spell: Poisonous Cloud
 13633 | Lair:2   | Reached skill level 1 in Transmutations
 14490 | Lair:2   | Reached skill level 10 in Spellcasting
 15477 | Lair:3   | Reached skill level 5 in Air Magic
 15940 | Lair:3   | Found a hole to the Spider Nest.
 16311 | Lair:4   | Reached skill level 11 in Spellcasting
 16699 | Lair:4   | Noticed Sonja
 16808 | Lair:4   | Got a warped helmet
 16814 | Lair:4   | Identified the +3 helmet "Zuploz" {*Confuse rC+++ SInv} (You found it on level 4 of the Lair of Beasts)
 16999 | Lair:4   | Reached skill level 1 in Armour
 17000 | Lair:4   | Reached XP level 12. HP: 64/64 MP: 15/29
 18569 | Lair:5   | Offered knowledge of Iskenderun's Mystic Blast by Vehumet.
 18575 | Lair:5   | Learned a level 4 spell: Iskenderun's Mystic Blast
 19408 | Lair:6   | Reached skill level 12 in Conjurations
 19517 | Lair:6   | Found a staircase to the Shoals.
 19616 | Lair:6   | Found a frozen archway.
 19619 | Lair:6   | Noticed an ice dragon
 19628 | Lair:6   | Reached skill level 13 in Conjurations
 19657 | Lair:6   | Killed an ice dragon
 19734 | IceCv    | Entered an ice cave
 19976 | IceCv    | Reached XP level 13. HP: 66/70 MP: 25/30
 20065 | IceCv    | Reached skill level 14 in Conjurations
 20800 | IceCv    | Noticed a frost giant
 20806 | IceCv    | Killed a frost giant
 20808 | IceCv    | Reached skill level 15 in Conjurations
 20897 | IceCv    | Got a smoking great mace
 21674 | Lair:6   | Noticed a five-headed hydra
 22176 | Lair:6   | Reached skill level 16 in Conjurations
 22472 | Lair:6   | Reached ****** piety under Vehumet
 22516 | Lair:6   | Reached skill level 17 in Conjurations
 22637 | Lair:6   | Killed a five-headed hydra
 22637 | Lair:6   | Offered knowledge of Orb of Destruction by Vehumet.
 22982 | Lair:7   | Reached XP level 14. HP: 69/76 MP: 4/32
 22992 | Lair:7   | Learned a level 7 spell: Orb of Destruction
 24218 | Lair:7   | Offered knowledge of Lightning Bolt by Vehumet.
 24953 | Lair:8   | Entered Level 8 of the Lair of Beasts
 25124 | Lair:8   | Gained mutation: Your system is resistant to poisons. [potion of beneficial mutation]
 25125 | Lair:8   | Gained mutation: You are partially covered in rugged brown scales (AC +1, +3% HP). [potion of beneficial mutation]
 25126 | Lair:8   | Gained mutation: You have a beak for a mouth. [potion of beneficial mutation]
 25425 | Lair:8   | Found a viscous altar of Jiyva.
 25425 | Lair:8   | Found a staircase to the Slime Pits.
 25937 | Lair:8   | Reached skill level 15 in Spellcasting
 26381 | Lair:8   | Offered knowledge of Spellforged Servitor by Vehumet.
 27535 | Orc:1    | Entered Level 1 of the Orcish Mines
 27560 | Orc:1    | Found Inaff's Gadget Shop.
 27575 | Orc:1    | Bought a wand of teleportation (5) for 405 gold pieces
 27621 | Orc:1    | Found a burning altar of Makhleb.
 27715 | Orc:1    | Offered knowledge of Ozocubu's Refrigeration by Vehumet.
 27944 | Orc:1    | Found a roughly hewn altar of Beogh.
 28174 | Orc:2    | Reached skill level 18 in Conjurations
 28803 | Orc:2    | Offered knowledge of Conjure Ball Lightning by Vehumet.
 29334 | Orc:4    | Entered Level 4 of the Orcish Mines
 29369 | Orc:3    | Found Keugi's Jewellery Shop.
 29384 | Orc:3    | Bought the ring "Kios" {SustAt rPois rF+} for 571 gold pieces
 29535 | Orc:4    | Found a dark tunnel.
 29546 | Volcano  | Entered a volcano
 29699 | Volcano  | Reached XP level 15. HP: 82/82 MP: 18/37
 30687 | Orc:4    | Offered knowledge of Lehudib's Crystal Spear by Vehumet.
 30687 | Orc:4    | Offered knowledge of Glaciate by Vehumet.
 30687 | Orc:4    | Offered knowledge of Tornado by Vehumet.
 30703 | Orc:4    | Found a staircase to the Elven Halls.
 31308 | Orc:4    | Found Pithrehe's Magic Scroll Shoppe.
 31337 | Orc:4    | Found Zorefa's Antique Armour Emporium.
 31349 | Orc:4    | Bought an embroidered hat for 136 gold pieces
 31382 | Orc:4    | Bought a scroll of magic mapping for 49 gold pieces
 31382 | Orc:4    | Bought a scroll of identify for 28 gold pieces
 31382 | Orc:4    | Bought a scroll of identify for 28 gold pieces
 31401 | Orc:4    | Bought a scroll of summoning for 133 gold pieces
 31525 | Orc:4    | Found a radiant altar of Vehumet.
 31780 | Orc:4    | Noticed Nergalle
 31873 | Orc:4    | Killed Nergalle
 31874 | Orc:4    | Found an ancient bone altar of Kikubaaqudgha.
 31968 | Orc:4    | Found a roughly hewn altar of Beogh.
 31969 | Orc:4    | Found Guimm's Gadget Shoppe.
 32002 | Orc:4    | Found Cojoiqel's Antique Weapon Shoppe.
 32231 | Orc:4    | Bought a scroll of teleportation for 42 gold pieces
 32231 | Orc:4    | Bought a scroll of teleportation for 42 gold pieces
 32231 | Orc:4    | Bought a scroll of teleportation for 42 gold pieces
 32231 | Orc:4    | Bought a scroll of remove curse for 42 gold pieces
 32231 | Orc:4    | Bought a scroll of remove curse for 42 gold pieces
 32604 | D:9      | Bought a book of Enchantments for 600 gold pieces
 32611 | D:9      | Learned a level 6 spell: Deflect Missiles
 32693 | D:8      | Bought 2 fizzy green potions for 59 gold pieces
 32693 | D:8      | Bought a scroll of identify for 66 gold pieces
 32693 | D:8      | Bought a scroll of identify for 66 gold pieces
 32693 | D:8      | Bought a scroll of blinking for 247 gold pieces
 33053 | D:11     | Reached skill level 1 in Charms
 34588 | D:12     | Reached skill level 5 in Charms
 35114 | D:12     | Found a portal to a secret trove of treasure.
 37869 | D:9      | Learned a level 6 spell: Haste
 38685 | D:14     | Reached skill level 10 in Charms
 38901 | D:14     | Found a gate to the Vaults.
 39582 | D:15     | Entered Level 15 of the Dungeon
 39925 | D:15     | Reached XP level 16. HP: 68/86 MP: 7/39
 40080 | D:15     | Found a shattered altar of Ashenzari.
 40310 | D:15     | Found a staircase to the Depths.
 41465 | Spider:1 | Entered Level 1 of the Spider Nest
 43164 | Spider:1 | Reached skill level 19 in Spellcasting
 43176 | Spider:1 | Learned a level 9 spell: Glaciate
 43318 | Spider:1 | Reached skill level 1 in Ice Magic
 44369 | Spider:1 | Reached skill level 5 in Ice Magic
 44422 | Spider:2 | Noticed Aizul
 45406 | Shoals:1 | Entered Level 1 of the Shoals
 47644 | Shoals:2 | Reached XP level 17. HP: 92/92 MP: 26/42
 48164 | Shoals:2 | Reached skill level 10 in Ice Magic
 48599 | Shoals:2 | Noticed Donald
 48631 | Shoals:2 | Killed Donald
 48988 | Shoals:2 | Gained mutation: You have large cloven feet. [potion of beneficial mutation]
 49169 | Shoals:3 | Mangled by a harpy

Action                   |  1- 3 |  4- 6 |  7- 9 | 10-12 | 13-15 | 16-18 || total
-------------------------+-------+-------+-------+-------+-------+-------++-------
Melee: Dagger            |     2 |    14 |   140 |   167 |   326 |    88 ||   737
 Cast: Sting             |    70 |   105 |   340 |   133 |     2 |       ||   650
       Mephitic Cloud    |       |     6 |    45 |    15 |       |       ||    66
       Venom Bolt        |       |       |     7 |   100 |   143 |   100 ||   350
       Flame Tongue      |       |       |     8 |       |       |       ||     8
       Stone Arrow       |       |       |       |   109 |       |       ||   109
       Poisonous Cloud   |       |       |       |    12 |    72 |    21 ||   105
       Blink             |       |       |       |     2 |     4 |     6 ||    12
       Irradiate         |       |       |       |     7 |     3 |     1 ||    11
       Iskenderun's Myst |       |       |       |    32 |   664 |   291 ||   987
       Orb of Destructio |       |       |       |       |    11 |    16 ||    27
       Deflect Missiles  |       |       |       |       |     2 |       ||     2
       Haste             |       |       |       |       |     1 |       ||     1
Evoke: Wand              |       |       |     3 |     4 |     2 |       ||     9
  Use: Scroll            |     2 |     2 |     7 |    21 |    14 |    11 ||    57
       Potion            |       |       |       |     2 |     3 |     8 ||    13
 Stab: Confused          |       |     1 |     2 |     1 |       |       ||     4
       Distracted        |       |       |     3 |     1 |       |       ||     4
       Sleeping          |       |       |       |     1 |     4 |     1 ||     6
  Eat: Chunk             |     2 |     5 |    18 |    39 |    70 |    10 ||   144
       Meat ration       |       |     1 |       |     1 |       |     4 ||     6
       Beef jerky        |       |       |       |     1 |     2 |       ||     3
       Fruit             |       |       |       |     1 |     2 |       ||     3
       Royal jelly       |       |       |       |     2 |     4 |     1 ||     7
       Pizza             |       |       |       |       |       |     1 ||     1
